 Dungeon Crawl Stone Soup version 0.27-a0-1245-g940ed4fa31 (webtiles) character file.

Game seed: 2460467569525391440

29 freelancePsychic the Ruffian (level 3, -2/33 HPs)
             Began as a Ghoul Monk on June 9, 2021.
             Slain by Robin
             ... wielding a +2 falchion of electrocution
              (3 damage)
             ... on level 1 of the Dungeon.
             The game lasted 00:01:45 (835 turns).

freelancePsychic the Ruffian (Ghoul Monk)            Turns: 835, Time: 00:01:46

Health: -2/33      AC:  5    Str: 15    XL:     3   Next: 16%
Magic:  2/2        EV: 11    Int:  5    God:
Gold:   31         SH:  0    Dex: 11    Spells: 2/2 levels left

rFire    . . .     SeeInvis .     - Unarmed
rCold    + . .     Faith    .   (no shield)
rNeg     + + +     Spirit   .   b - +0 ring mail
rPois    ∞         Reflect  .   (no helmet)
rElec    .         Harm     .   (no cloak)
rCorr    .         Rampage  .   (no gloves)
Will     .....                  (no boots)
Stlth    +.........             (no amulet)
HPRegen  0.00/turn              (no ring)
MPRegen  0.08/turn              (no ring)

@: no status effects
A: claws 1, cold resistance 1, negative energy resistance 3, inhibited
regeneration, torment resistance 2
a: no special abilities


You were on level 1 of the Dungeon.
You visited 1 branch of the dungeon, and saw 2 of its levels.

You collected 31 gold pieces.

Inventory:

Armour
 a - a +0 robe
 b - a +0 ring mail (worn)
Scrolls
 d - a scroll of blinking {unknown}
 f - a scroll of teleportation {unknown}
Potions
 c - a potion of might {unknown}
 e - a potion of attraction {unknown}


   Skills:
 + Level 3.8 Fighting
 + Level 3.0 Dodging
 - Level 2.1 Stealth
 + Level 3.8 Unarmed Combat


You had 2 spell levels left.
You didn't know any spells.
Your spell library contained the following spells:

 Spells                   Type           Power      Damage    Failure   Level
 Magic Dart               Conj           0%         1d3       71%         1
 Searing Ray              Conj           0%         3d3       85%         2
 Dazzling Flash           Conj/Hex       0%         N/A       97%         3
 Fulminant Prism          Conj/Hex       0%         3d6       100%        4
 Iskenderun's Mystic Bla  Conj/Tloc      0%         2d3       100%        4


Dungeon Overview and Level Annotations

Branches:
Dungeon (2/15)

Altars:

Annotations:
D:1 Robin


Innate Abilities, Weirdness & Mutations

You thrive by killing the living.
You are immune to poison.
You have sharp fingernails.
Your flesh is cold resistant. (rC+)
You are immune to negative energy. (rN+++)
You do not regenerate when monsters are visible.
You are immune to unholy pain and torment.


Message History

You scratch the goblin but do no damage.
The hobgoblin no longer looks unusually strong.
The goblin hits you with a +0 club.
You completely miss the goblin. The goblin hits you but does no damage.
You barely miss the goblin. Robin barely misses you.
The goblin hits you but does no damage.
You scratch the goblin.
You kill the goblin!
You feel better.
Robin roars a battlecry!
The goblins go into a battle-frenzy!
There is a stone staircase leading up here.
You see here a +0 club.
Robin barely misses you.
You climb upwards.
There is a stone staircase leading down here.
You claw Robin!
Robin is heavily wounded.
Robin hits you with a +2 falchion of electrocution!
You scratch Robin.
Robin is severely wounded.
Robin hits you with a +2 falchion of electrocution.
* * * LOW HITPOINT WARNING * * *
You scratch Robin.
Robin is almost dead.
Robin hits you with a +2 falchion of electrocution!
* * * LOW HITPOINT WARNING * * *
You barely miss Robin.
Robin is almost dead.
Robin closely misses you.
You completely miss Robin.
Robin is almost dead.
Robin barely misses you.
You barely miss Robin.
Robin is almost dead.
Robin barely misses you.
You scratch Robin.
Robin is almost dead.
Robin hits you with a +2 falchion of electrocution.
You die...

###########
####.........#
#.....######.# #.##..#
#.# #...).# #†# ######
###.########.# #....#
#...#.....##.# #....#
#.###.....##.####.....
##.###@...........####.
#.....g...###.######≈≈≈
#.....(...# #.#####≈≈≈≈
#.........###.##.##≈##.
#..........##.##.#≈≈###
#................####..
#[......########......#
###.....# #.......
#.....# #..(.#.#


You could see Robin.

Vanquished Creatures
  5 ball pythons
  2 bats (D:1)
  3 endoplasms (D:1)
  2 giant cockroaches (D:1)
  3 jackals (D:1)
  A kobold (D:1)
  A quokka (D:2)
  5 goblins
  3 rats (D:1)
25 creatures vanquished.

Notes
Turn   | Place    | Note
-------+----------+-------------------------------------------
     0 | D:1      | freelancePsychic the Ghoul Monk began the quest for the
                  | Orb.
     0 | D:1      | Reached XP level 1. HP: 19/19 MP: 0/0
   162 | D:1      | Reached XP level 2. HP: 26/26 MP: 1/1
   766 | D:2      | Reached XP level 3. HP: 30/33 MP: 2/2
   794 | D:2      | Noticed Robin
   831 | D:1      | HP: 1/33 [Robin/+2 falchion of electrocution (7)]
   835 | D:1      | Slain by Robin

Illustrated notes

Levels and vault maps discovered:
D:1:      amcnicky_arrival_wind_blow, layout_basic, serial_rivers,
          chequers_serial_rivers_small_b, chequers_serial_rivers_micro_a,
          chequers_serial_rivers_small_3, chequers_serial_rivers_small_3,
          chequers_serial_rivers_room_b
D:2:      layout_loops_ring, basic_altar, minmay_distorted, uniq_robin

Skill      XL: |  1  2  3 |
---------------+----------+-----
Dodging        | 3 |  3.0
Fighting       | |  3.8
Stealth        | |  2.1
Unarmed Combat | |  3.8

Action                   || total
-------------------------++-------
Melee: Unarmed           ||    79
 Stab: Sleeping          ||     2
Armor: Robe              ||     3
       Ring mail         ||    20
Dodge: Dodged            ||    38

Table legend: (Time is in decaauts)
 A = Elapsed time spent in this place.
 B = Non-inter-level travel time spent in this place.
 C = Inter-level travel time spent in this place.
 D = Time resting spent in this place.
 E = Time spent auto-exploring this place.
 F = Levels seen in this place.
 G = Mean time per level.
                   A        B        C        D        E       F      G
               +--------+--------+--------+--------+--------+-----+--------+
         Total |    837 |    821 |     16 |      0 |    651 |   2 |  418.5 |
       Dungeon |    837 |    821 |     16 |      0 |    651 |   2 |  418.5 |
               +--------+--------+--------+--------+--------+-----+--------+

Top non-repeatable levels by time:
     D:1: 746 daAuts
     D:2: 91 daAuts
